 Dungeon Crawl Stone Soup version 0.24-a0-123-ga2403f3307 (webtiles) character file.

Game seed: 7643100384776177702

145 MrRokkomies the Skirmisher (level 5, -4/51 HPs)
             Began as a Gnoll Wanderer on Feb 20, 2019.
             Killed by divine providence
             ... invoked by an orc priest
              (10 damage)
             ... on level 3 of the Dungeon.
             The game lasted 00:08:10 (2839 turns).

MrRokkomies the Skirmisher (Gnoll Wanderer)         Turns: 2839, Time: 00:08:11

Health: -4/51      AC: 11    Str: 16 (17) XL:     5   Next: 27%
Magic:  9/9        EV:  6    Int: 11 (14) God:
Gold:   185        SH:  4    Dex: 13      Spells: 4/10 levels left

rFire    . . .     SeeInvis .   a - +0 short sword
rCold    . . .     Gourm    .   i - +0 buckler
rNeg     . . .     Faith    .   l - +0 plate armour
rPois    .         Spirit   .   (no helmet)
rElec    .         Reflect  .   (no cloak)
rCorr    .         Harm     .   j - +0 pair of gloves
MR       .....     Rnd*Rage +   (no boots)
Stlth    ..........             (no amulet)
HPRegen  0.17/turn              e - ring of stealth (curse)
MPRegen  0.11/turn              c - ring of wizardry

@: berserk cooldown
A: distributed training, fangs 1, repulsion field 1, berserk 1, deterioration 1,
robust 1, strong nose
a: no special abilities


You were on level 3 of the Dungeon.
You were not hungry.

You visited 1 branch of the dungeon, and saw 3 of its levels.

You collected 185 gold pieces.

Inventory:

Hand Weapons
 a - a +0 short sword (weapon)
Missiles
 b - 79 stones (quivered)
 m - 5 poisoned needles
 o - 25 sling bullets
Armour
 i - a +0 buckler (worn)
 j - a +0 pair of gloves (worn)
 k - a +0 leather armour
 l - a +0 plate armour (worn)
Jewellery
 c - a ring of wizardry (right hand)
 e - a cursed ring of stealth (left hand)
Scrolls
 g - 4 scrolls of identify
 h - 2 scrolls of amnesia
 n - a scroll of magic mapping
Comestibles
 f - 5 rations


   Skills:
 + Level 6.6 Fighting
 + Level 1.4 Short Blades
 + Level 1.4 Long Blades
 + Level 1.4 Axes
 + Level 1.4 Maces & Flails
 + Level 2.9 Polearms
 + Level 1.4 Staves
 + Level 1.4 Slings
 + Level 1.4 Bows
 + Level 1.4 Crossbows
 + Level 2.9 Throwing
 + Level 1.4 Armour
 + Level 1.4 Dodging
 + Level 2.7 Stealth
 + Level 1.4 Shields
 + Level 1.4 Unarmed Combat
 + Level 3.1 Spellcasting
 + Level 2.3 Conjurations
 + Level 1.1 Hexes
 + Level 2.3 Charms
 + Level 1.1 Summonings
 + Level 1.1 Necromancy
 + Level 1.1 Translocations
 + Level 1.1 Transmutations
 + Level 1.1 Fire Magic
 + Level 1.1 Ice Magic
 + Level 1.1 Air Magic
 + Level 1.1 Earth Magic
 + Level 1.1 Poison Magic
 + Level 1.5 Invocations
 + Level 2.9 Evocations


You had 4 spell levels left.
You knew the following spells:

 Your Spells              Type           Power        Failure   Level  Hunger
a - Infusion              Chrm           #...         98%         1    #......
b - Animate Skeleton      Necr           N/A          99%         1    #......
c - Song of Slaying       Chrm           #.......     99%         2    ###....
d - Shroud of Golubria    Chrm/Tloc      #.........   99%         2    ###....

Your spell library contained the following spells:

 Spells                   Type           Power        Failure   Level  Hunger
 Regeneration             Chrm/Necr      #.........   100%        3    ###....
 Spectral Weapon          Hex/Chrm       #.......     100%        3    ###....


Dungeon Overview and Level Annotations

Branches:
Dungeon (3/15)

Altars:
Dithmenos


Innate Abilities, Weirdness & Mutations

Your experience applies equally to all skills.
You have very sharp teeth.
Your uncanny sense of smell can sniff out nearby items.
You are surrounded by a mild repulsion field. (EV +2)
You tend to lose your temper in combat.
Your body sometimes deteriorates upon taking damage.
You are robust. (+10% HP)


Message History

The orc priest hits you but does no damage.
You hit the orc priest.
The orc priest is heavily wounded.
The orc priest hits you but does no damage. x2
You feel better.
The orc priest invokes the aid of Beogh against you.
Beogh smites you!
* * * LOW HITPOINT WARNING * * *
The orc priest calls down the wrath of Beogh upon you.
You barely resist.
You hit the orc priest but do no damage.
You bite the orc priest, but do no damage.
The orc priest is heavily wounded.
The orc priest barely misses you.
You hit the orc priest.
The orc priest is severely wounded.
You feel yourself speed up.
The orc priest invokes the aid of Beogh against you.
Beogh smites you!
You die...

#......#.#..
#..#####.#[#
#..#####.#.# #
#........#)# #
#.######...# # #.#
#.###
#########.######)###
#..................#
#.#######.######@#.#
..# #.. $......o#.#
..# #.# .#####... #
..# #.##. #.#.###
#.####.##. #...
#.......#.# #.##
##......#.# #.#
#.####.#.# #.# #.##
#.#.###.#


You could see an orc priest.

Vanquished Creatures
  4 adders
  4 gnolls
  2 oozes
  A worm (D:2)
  2 leopard geckos
  3 orcs (D:3)
  5 bats
  4 giant cockroaches
  11 goblins
  3 hobgoblins
  A quokka (D:2)
  6 frilled lizards
  7 kobolds
  3 rats
56 creatures vanquished.

Notes
Turn   | Place    | Note
-------+----------+-------------------------------------------
     0 | D:1      | MrRokkomies the Gnoll Wanderer began the quest for the Orb.
     0 | D:1      | MrRokkomies set off with the following items: a potion of
                  | curing, a +0 robe, a +0 club, a ration; and the following
                  | spells available to memorise: Infusion, Song of Slaying,
                  | Animate Skeleton, Shroud of Golubria, Regeneration,
                  | Spectral Weapon
     0 | D:1      | Reached XP level 1. HP: 23/23 MP: 4/4
     2 | D:1      | Learned a level 1 spell: Infusion
     4 | D:1      | Learned a level 1 spell: Animate Skeleton
    96 | D:1      | Reached XP level 2. HP: 8/29 MP: 0/5
   987 | D:1      | Gained mutation: You are robust. (+10% HP) [potion of
                  | mutation]
   987 | D:1      | Gained mutation: Your body sometimes deteriorates upon
                  | taking damage. [potion of mutation]
   987 | D:1      | Gained mutation: You tend to lose your temper in combat.
                  | [potion of mutation]
   987 | D:1      | Gained mutation: You are surrounded by a mild repulsion
                  | field. (EV +2) [potion of mutation]
  1034 | D:2      | Reached XP level 3. HP: 34/38 MP: 7/7
  1041 | D:2      | Learned a level 2 spell: Song of Slaying
  1044 | D:2      | Learned a level 2 spell: Shroud of Golubria
  1104 | D:2      | Reached skill level 1 in Invocations
  1293 | D:2      | Reached skill level 1 in Short Blades
  1293 | D:2      | Reached skill level 1 in Long Blades
  1293 | D:2      | Reached skill level 1 in Axes
  1293 | D:2      | Reached skill level 1 in Maces & Flails
  1293 | D:2      | Reached skill level 1 in Staves
  1293 | D:2      | Reached skill level 1 in Slings
  1293 | D:2      | Reached skill level 1 in Bows
  1293 | D:2      | Reached skill level 1 in Crossbows
  1293 | D:2      | Reached skill level 1 in Armour
  1293 | D:2      | Reached skill level 1 in Dodging
  1293 | D:2      | Reached skill level 1 in Shields
  1293 | D:2      | Reached skill level 1 in Unarmed Combat
  1473 | D:2      | Reached XP level 4. HP: 45/45 MP: 8/8
  1977 | D:1      | Reached skill level 1 in Hexes
  1977 | D:1      | Reached skill level 1 in Summonings
  1977 | D:1      | Reached skill level 1 in Necromancy
  1977 | D:1      | Reached skill level 1 in Translocations
  1977 | D:1      | Reached skill level 1 in Transmutations
  1977 | D:1      | Reached skill level 1 in Fire Magic
  1977 | D:1      | Reached skill level 1 in Ice Magic
  1977 | D:1      | Reached skill level 1 in Air Magic
  1977 | D:1      | Reached skill level 1 in Earth Magic
  1977 | D:1      | Reached skill level 1 in Poison Magic
  2176 | D:2      | Reached XP level 5. HP: 33/51 MP: 9/9
  2428 | D:3      | Found a shadowy altar of Dithmenos.
  2839 | D:3      | Killed from afar by an orc priest

Levels and vault maps discovered:
D:1:      nagdon_arrival_zigzag_paths, layout_basic, due_unseen_surprise
D:2:      layout_basic
D:3:      layout_basic, overflow_temple_1_default

Skill      XL: |  1  2  3  4 |
---------------+-------------+-----
Conjurations   | 2 |  2.3
Charms         | 2 |  2.3
Invocations    | 1 |  1.5
Short Blades   | 1 |  1.4
Long Blades    | 1 |  1.4
Axes           | 1 |  1.4
Maces & Flails | 1 |  1.4
Staves         | 1 |  1.4
Slings         | 1 |  1.4
Bows           | 1 |  1.4
Crossbows      | 1 |  1.4
Armour         | 1 |  1.4
Dodging        | 1 |  1.4
Shields        | 1 |  1.4
Unarmed Combat | 1 |  1.4
Spellcasting   | 3 |  3.1
Hexes          | 1 |  1.1
Summonings     | 1 |  1.1
Necromancy     | 1 |  1.1
Translocations | 1 |  1.1
Transmutations | 1 |  1.1
Fire Magic     | 1 |  1.1
Ice Magic      | 1 |  1.1
Air Magic      | 1 |  1.1
Earth Magic    | 1 |  1.1
Poison Magic   | 1 |  1.1
Fighting       | |  6.6
Polearms       | |  2.9
Throwing       | |  2.9
Stealth        | |  2.7
Evocations     | |  2.9

Action                   |  1- 3 |  4- 6 || total
-------------------------+-------+-------++-------
Melee: Club              |    18 |       ||    18
       Short sword       |    75 |   140 ||   215
       Bite              |     8 |    18 ||    26
 Cast: Infusion          |     2 |       ||     2
  Use: Scroll            |     3 |     4 ||     7
       Potion            |     1 |     2 ||     3
 Stab: Distracted        |     1 |       ||     1
       Sleeping          |     6 |     5 ||    11
  Eat: Chunk             |     1 |     3 ||     4
       Ration            |       |     1 ||     1
Armor: Robe              |     3 |       ||     3
       Leather armour    |    18 |    17 ||    35
       Plate armour      |       |    15 ||    15
Dodge: Dodged            |    51 |    72 ||   123
Block: Buckler           |    15 |    21 ||    36

Table legend:
 A = Non-vault XP
 B = Vault XP
 C = Vault XP percentage of total XP
 D = Non-vault monster count
 E = Vault monster count
 F = Vault count percentage of total count
                 A         B        C        D         E       F
            +---------+---------+-------+---------+---------+-------
      Total |     208 |       0 |   0.0 |      56 |       0 |   0.0
            +---------+---------+-------+---------+---------+-------
        D:1 |      77 |       0 |   0.0 |      20 |       0 |   0.0
        D:2 |      97 |       0 |   0.0 |      25 |       0 |   0.0
        D:3 |      34 |       0 |   0.0 |      11 |       0 |   0.0
            +---------+---------+-------+---------+---------+-------
